 Dungeon Crawl Stone Soup version 0.31-a0-1591-g515db51633 (webtiles) character file.

Game seed: 4129712576307086330

14 Flugslaktarn the Apothecary (level 2, -1/17 HPs)
             Began as an Octopode Alchemist on Jan 6, 2024.
             Killed from afar by Sigmund (5 damage)
             ... with a magic dart
             ... on level 2 of the Dungeon.
             The game lasted 00:00:40 (248 turns).

Flugslaktarn the Apothecary (Octopode Alchemist)     Turns: 248, Time: 00:00:40

Health: -1/17      AC:  1    Str:  7    XL:     2   Next: 41%
Magic:  4/5        EV: 13    Int: 17    God:
Gold:   35         SH:  0    Dex: 12    Spells: 4/5 levels left

rFire   . . .        c - +1 short sword (flame)
rCold   . . .        (no shield)
rNeg    . . .        (helmet restricted)
rPois   .            (no amulet)
rElec   .            (no ring)
rCorr   .            (no ring)
SInv    .            (no ring)
Will    .....        (no ring)
Stlth   ++           (no ring)
HPRegen 0.22/turn    (no ring)
MPRegen 0.09/turn    (no ring)
                     (no ring)

%: no passive effects
@: confused
A: almost no armour, amphibious, 8 rings, camouflage 1, gelatinous body 1,
(nimble swimmer 1), tentacles
a: no special abilities


You were on level 2 of the Dungeon.
You visited 1 branch of the dungeon, and saw 2 of its levels.

You collected 35 gold pieces.

Inventory:

Hand Weapons
 c - a +1 short sword of flaming (weapon)
   (You took it off a kobold on level 1 of the Dungeon)
Talismans
 d - a beast talisman
   (You found it on level 2 of the Dungeon)
Scrolls
 b - a scroll of immolation {unknown}
Potions
 a - a potion of magic


   Skills:
 - Level 2.0 Dodging
 - Level 2.6 Stealth
 + Level 2.3 Spellcasting
 - Level 1.0 Conjurations
 * Level 3.9 Alchemy


You had 4 spell levels left.
You knew the following spells:

 Your Spells              Type           Power      Damage    Failure   Level
a - Sting                 Conj/Alch      40%        1d5       7%          1

Your spell library contained the following spells:

 Spells                   Type           Power      Damage    Failure   Level
 Mercury Vapours          Alch/Air       16%        N/A       13%         2
 Mephitic Cloud           Conj/Alch/Air  7%         N/A       28%         3
 Olgreb's Toxic Radiance  Alch           15%        N/A       36%         4
 Sticky Flame             Fire/Alch      8%         2d4       63%         4


Dungeon Overview and Level Annotations

Branches:
Dungeon (2/15)

Altars:

Annotations:
D:2 Sigmund


Innate Abilities, Weirdness & Mutations

You cannot wear most types of armour.
You are amphibious.
You can wear up to eight rings at the same time.
Your skin changes colour to match your surroundings (Stealth+).
Your rubbery body absorbs attacks. (AC +1, EV +1)
((You are camouflaged when in or above water. (Stealth+)))
You have tentacles for arms and can constrict up to eight enemies at once.


Message History

Confirm with . or Enter, or press ? or * to list all spells.
Aiming: Sting (safe; 7% risk of failure)
Press: ? - help, Shift-Dir - straight line, f/p - rat
Aim: a rat (moderately wounded, poisoned, 68% to hit)
The sting hits the rat.
The rat looks even sicker.
You kill the rat!
No target in view!
Found 6 gold pieces.
A goblin comes into view. It is wielding a +0 dagger.
The helpless rat fails to defend itself.
You hit the rat. You burn the rat.
You kill the rat!
No target in view!
Found a stone staircase leading down.
The helpless goblin fails to defend itself.
You puncture the goblin! You burn the goblin.
You kill the goblin!
No target in view!
Things that are here:
a +0 dagger; a goblin corpse
There is a stone staircase leading down here.
You climb downwards.
There is a stone staircase leading up here.
Unknown command.
A goblin comes into view. It is wielding a +0 club.
Casting: Sting (safe; 7% risk of failure)
Confirm with . or Enter, or press ? or * to list all spells.
Aiming: Sting (safe; 7% risk of failure)
Press: ? - help, Shift-Dir - straight line, f - goblin
Aim: a goblin, wielding a +0 dagger (asleep, 100% to hit)
The sting hits the goblin.
The goblin is poisoned.
You kill the goblin!
You see here a +0 dagger.
Found 15 gold pieces.
The helpless endoplasm fails to defend itself.
You hit the endoplasm. You burn the endoplasm.
You kill the endoplasm!
No target in view!
Found a beast talisman.
Found a stone staircase leading up.
You now have 26 gold pieces (gained 15).
Sigmund the Dreaded comes into view.
He is wielding a +0 scythe.
Unknown command.
Found a leather armour.
You see here a beast talisman.
d - a beast talisman You now have 35 gold pieces (gained 9).
Casting: Sting (safe; 7% risk of failure)
Confirm with . or Enter, or press ? or * to list all spells.
Aiming: Sting (safe; 7% risk of failure)
Press: ? - help, Shift-Dir - straight line, f - Sigmund
Aim: Sigmund, wielding a +0 scythe and wearing a +0 robe (asleep, 100% to hit)
The sting hits Sigmund.
Sigmund is poisoned.
Sigmund is lightly wounded.
Casting: Sting (safe; 7% risk of failure)
Confirm with . or Enter, or press ? or * to list all spells.
Aiming: Sting (safe; 7% risk of failure)
Press: ? - help, Shift-Dir - straight line, f/p - Sigmund
Aim: Sigmund, wielding a +0 scythe and wearing a +0 robe (lightly wounded, poisoned, 68% to hit)
The sting hits Sigmund.
Sigmund looks even sicker.
Sigmund is lightly wounded.
Casting: Sting (safe; 7% risk of failure)
Confirm with . or Enter, or press ? or * to list all spells.
Aiming: Sting (safe; 7% risk of failure)
Press: ? - help, Shift-Dir - straight line, f/p - Sigmund
Aim: Sigmund, wielding a +0 scythe and wearing a +0 robe (heavily wounded, poisoned, 68% to hit)
The sting misses Sigmund.
Sigmund says, "Now you see me, now you don't..."
Casting: Sting (safe; 7% risk of failure)
Confirm with . or Enter, or press ? or * to list all spells.
Aiming: Sting (safe; 7% risk of failure)
Press: ? - help, Shift-Dir - straight line, f/p - Sigmund
Aim: Sigmund, wielding a +0 scythe and wearing a +0 robe (severely wounded, 68% to hit)
The sting hits Sigmund.
Sigmund is poisoned.
Sigmund is severely wounded.
Sigmund gestures at you while chanting.
You are confused.
You're too confused to cast spells.
You're too confused to cast spells.
Sigmund casts a spell.
Sigmund flickers and vanishes!
Deactivating autopickup; reactivate with Ctrl-A.
You are more confused.
A puff of flame appears from out of thin air!
The puff of flame hits you!
You feel less confused.
You hear some strange, mumbled words.
You are confused.
You're too confused to move!
You hear some strange, mumbled words.
Something tries to affect you, but you resist.
You hear some strange, mumbled words.
Something tries to affect you, but you resist.
You hear some strange, mumbled words.
You are more confused.
A puff of flame appears from out of thin air!
The puff of flame hits you!
* * * LOW HITPOINT WARNING * * *
A magic dart appears from out of thin air!
The magic dart hits you.
You die...

... #.# #..# .# #.
##.###..##.## #.. ... .......
# #... #.# #..##.#
#.#...###.###..##.#
.#.#...............##
................@...##
...................#####..
#.........{..............
#...####.##..#.....####.g#
#.................)......#
##.#.[{####.##..#.....####...
........###.##..#....<#
##.#.#@..##..................
.......<..............####...


There were no monsters in sight!

Vanquished Creatures
  An endoplasm (D:2)
  A giant cockroach (D:1)
  2 goblins
  A hobgoblin (D:1)
  3 jackals (D:1)
  A frilled lizard (D:1)
  A kobold (D:1)
  2 rats (D:1)
12 creatures vanquished.

Notes
Turn   | Place    | Note
-------+----------+-------------------------------------------
     0 | D:1      | Flugslaktarn the Octopode Alchemist began the quest for the
                  | Orb.
     0 | D:1      | Reached XP level 1. HP: 11/11 MP: 3/3
   131 | D:1      | Reached XP level 2. HP: 11/17 MP: 5/5
   193 | D:2      | Noticed Sigmund
   248 | D:2      | Killed from afar by Sigmund

Illustrated notes

Levels and vault maps discovered:
D:1:      matt_arrival_spirals, layout_basic, serial_forest,
          infiniplex_forest_clump_diagonal, infiniplex_forest_straight_4,
          infiniplex_forest_clump_curved, infiniplex_forest_clump_large,
          infiniplex_forest_end_3, infiniplex_forest_lined_3,
          infiniplex_forest_corner_1, infiniplex_forest_side_room,
          infiniplex_forest_end_1, infiniplex_forest_end_double,
          chequers_serial_rivers_room_b, minmay_misc_feat_enclosed
D:2:      layout_basic, uniq_sigmund

Action                     || total
---------------------------++-------
  Melee: Short sword       ||    16
         Constrict         ||     4
         Tentacles         ||     3
   Cast: Sting             ||    10
   Stab: Sleeping          ||     3
 Armour: Skin              ||     7
  Dodge: Dodged            ||    12

Table legend: (Time is in decaauts)
 A = Elapsed time spent in this place.
 B = Non-inter-level travel time spent in this place.
 C = Inter-level travel time spent in this place.
 D = Time resting spent in this place.
 E = Time spent auto-exploring this place.
 F = Levels seen in this place.
 G = Mean time per level.
                   A        B        C        D        E       F      G
               +--------+--------+--------+--------+--------+-----+--------+
         Total |    247 |    247 |      0 |      0 |     96 |   2 |  123.5 |
       Dungeon |    247 |    247 |      0 |      0 |     96 |   2 |  123.5 |
               +--------+--------+--------+--------+--------+-----+--------+

Top non-repeatable levels by time:
     D:1: 179 daAuts
     D:2: 67 daAuts
